 Dungeon Crawl Stone Soup version 0.29-a0-1043-g569b05d6ff (webtiles) character file.

Game seed: 6518041585054336250

2488 SensoryNuts the Chopper (level 9, -3/72 HPs)
             Began as a Demigod Fighter on Aug 15, 2022.
             Slain by a hornet (11 damage)
             ... on level 7 of the Dungeon.
             The game lasted 00:10:30 (8973 turns).

SensoryNuts the Chopper (Demigod Fighter)           Turns: 8973, Time: 00:10:32

Health: -3/72      AC: 20    Str: 25    XL:     9   Next: 6%
Magic:  11/11      EV:  8    Int: 10    God:
Gold:   96         SH:  5    Dex: 17    Spells: 8/8 levels left

rFire   . . .      SeeInvis .   k - +1 hand axe (elec)
rCold   . . .      Faith    .   c - +0 buckler
rNeg    . . .      Spirit   .   d - +0 plate armour
rPois   .          Reflect  .   o - +1 hat
rElec   .          Harm     .   i - +0 cloak
rCorr   .          Rampage  .   (no gloves)
Will    ++...                   u - +0 pair of boots
Stlth   ..........              (no amulet)
HPRegen 0.22/turn               h - ring of willpower
MPRegen 0.12/turn               e - +4 ring of protection

@: lethally poisoned (-3 -> -9), about to teleport
A: high MP 1, forlorn, divine attributes, strong-willed 1
a: no special abilities


You were on level 7 of the Dungeon.
You visited 1 branch of the dungeon, and saw 7 of its levels.
You also visited: Ossuary.

You collected 336 gold pieces.
You spent 240 gold pieces at shops.

Inventory:

Hand Weapons
 a - a +0 long sword
 k - a +1 hand axe of electrocution (weapon)
Armour
 b - a +0 scale mail
 c - a +0 buckler (worn)
 d - a +0 plate armour (worn)
 i - a +0 cloak (worn)
 o - a +1 hat (worn)
 t - +0 swamp dragon scales
 u - a +0 pair of boots (worn)
Jewellery
 e - a +4 ring of protection (right hand)
 h - a ring of willpower (left hand)
 j - a ring of positive energy
Wands
 s - a wand of mindburst (4)
 x - a wand of iceblast (8)
Scrolls
 g - a scroll of vulnerability
 l - 3 scrolls of brand weapon
 m - a scroll of teleportation
 n - 3 scrolls of enchant armour
 p - 2 scrolls of amnesia
 q - a scroll of butterflies
 w - a scroll of immolation
 y - 2 scrolls of magic mapping
Potions
 f - 4 potions of lignification


   Skills:
 + Level 4.5 Fighting
 + Level 3.5 Long Blades
 + Level 7.0 Axes
 + Level 6.3 Armour
 + Level 3.2 Dodging
 + Level 1.1 Stealth
 + Level 4.2 Shields


You had 8 spell levels left.
You didn't know any spells.
Your spell library contained the following spells:

 Spells                   Type           Power      Damage    Failure   Level
 Gell's Gravitas          Tloc           0%         N/A       100%        3
 Lesser Beckoning         Tloc           0%         N/A       100%        3
 Teleport Other           Tloc           0%         N/A       100%        3
 Summon Ice Beast         Ice/Summ       0%         N/A       100%        4
 Summon Mana Viper        Hex/Summ       0%         N/A       100%        5
 Monstrous Menagerie      Summ           0%         N/A       100%        7


Dungeon Overview and Level Annotations

Branches:
Dungeon (7/15)             Temple (0/1) D:6         Ossuary (visited)

Shops:
D:6 !


Innate Abilities, Weirdness & Mutations

You have an increased reservoir of magic. (+10% MP)
You shall have no god before yourself.
Your divine heritage dramatically boosts your attributes as you level up.
You are strong-willed. (Will+)


Message History

You hit the hornet.
The hornet is heavily wounded.
The hornet stings you.
You feel yourself slow down. The hornet stings you!
* * * LOW HITPOINT WARNING * * *
You are poisoned.
You suddenly lose the ability to move!
You can move again.
You closely miss the hornet.
The hornet is heavily wounded.
* * * LOW HITPOINT WARNING * * *
You feel very sick. The hornet closely misses you. The hornet stings you.
* * * LOW HITPOINT WARNING * * *
You feel as though you will be slow longer.
You feel better. The hornet barely misses you.
The hornet stings you but does no damage.
The hornet barely misses you.
The centaur unwields a +0 shortbow.
The centaur barely misses you. x2
Unknown command.
Blink to where?
Press: ? - help, Dir - move target
As you read the scroll of blinking, it crumbles to dust.
You feel yourself speed up. The hornet closely misses you.
You block the hornet's attack. The hornet attacks as you move away!
The hornet stings you.
* * * LOW HITPOINT WARNING * * *
You are poisoned.
You feel yourself slow down.
* * * LOW HITPOINT WARNING * * *
You feel very sick.
Okay, then.
Unknown command.
As you read the scroll of teleportation, it crumbles to dust.
You feel strangely unstable.
You feel yourself speed up.
* * * LOW HITPOINT WARNING * * *
You feel very sick. The hornet stings you!
You die...

#........##......#
+........##ยง.....#
#........##c.....#
.##....#...........#
...........y.############
.............# #........#
..........#### #........#
..........######........###
.......#....cy@'...........
.......+.....###........###
.......#####.# #........#
....... #.# #........#
#....[.#####+###>.......#
..............##........#
........................#
#.........<........#
#..................#


You could see a hornet and a centaur.

Vanquished Creatures
  The ghost of Heh the Nimble, a novice OpFi (D:5)
  Maggie (D:6)
  Eustachio (D:4)
  A wraith (Ossuary)
  A water moccasin (D:5)
  Duvessa (D:4)
  A black bear (D:6)
  A sky beast (D:5)
  A centaur (D:6)
  A phantom (D:5)
  Blork the orc (D:4)
  A bullfrog (D:6)
  A scorpion (D:5)
  Dowan (D:4)
  2 howler monkeys (D:7)
  4 hounds
  2 jellies
  An orc priest (D:3)
  2 iguanas
  5 orc wizards
  2 mummies
  4 adders
  A river rat (D:4)
  A shadow imp (D:5)
  2 white imps
  2 worms
  4 dart slugs
  18 orcs
  4 ball pythons
  5 endoplasms
  4 giant cockroaches
  5 goblins
  6 hobgoblins
  5 quokkas
  6 bats
  5 frilled lizards
  6 gnoll skeletons (Ossuary)
  6 kobolds
  3 kobold skeletons (Ossuary)
  16 orc skeletons (Ossuary)
  24 rats
159 creatures vanquished.

Vanquished Creatures (collateral kills)
  An ogre (D:5)
  An ufetubus (D:5)
  An orc (D:5)
3 creatures vanquished.

Vanquished Creatures (others)
  10 plants (D:4)
10 creatures vanquished.

Grand Total: 172 creatures vanquished

Notes
Turn   | Place    | Note
-------+----------+-------------------------------------------
     0 | D:1      | SensoryNuts the Demigod Fighter began the quest for the
                  | Orb.
     0 | D:1      | Reached XP level 1. HP: 18/18 MP: 3/3
   366 | D:1      | Reached XP level 2. HP: 24/25 MP: 4/4
  1575 | D:2      | Reached XP level 3. HP: 14/30 MP: 5/5
  2501 | D:3      | Reached XP level 4. HP: 23/38 MP: 6/6
  3750 | D:4      | Reached skill level 1 in Dodging
  4075 | D:4      | Found a sand-covered staircase.
  4080 | D:4      | Reached XP level 5. HP: 41/45 MP: 7/7
  4084 | Ossuary  | Entered an ossuary
  4084 | Ossuary  | Noticed a wraith
  4084 | Ossuary  | Noticed a wraith
  4084 | Ossuary  | Noticed a wraith
  4121 | Ossuary  | Reached skill level 1 in Axes
  4175 | Ossuary  | Noticed a wraith
  4184 | Ossuary  | Killed a wraith
  4185 | Ossuary  | Reached skill level 2 in Axes
  4185 | Ossuary  | Reached XP level 6. HP: 31/51 MP: 8/8
  4643 | D:4      | Noticed Dowan
  4645 | D:4      | Noticed Duvessa
  4660 | D:4      | Killed Duvessa
  4665 | D:4      | Killed Dowan
  4666 | D:4      | Reached skill level 3 in Axes
  5035 | D:4      | Noticed Eustachio
  5060 | D:4      | Killed Eustachio
  5061 | D:4      | Reached XP level 7. HP: 13/57 MP: 9/9
  5328 | D:4      | Noticed Blork the orc
  6214 | D:4      | Killed Blork the orc
  6215 | D:4      | Reached skill level 4 in Axes
  6404 | D:5      | Entered Level 5 of the Dungeon
  6676 | D:5      | Reached skill level 5 in Armour
  6756 | D:5      | Found a runed translucent gate.
  6758 | D:5      | Found a runed translucent gate.
  6759 | D:5      | Found a runed translucent gate.
  6759 | D:5      | Noticed Heh's ghost (novice OpFi)
  6912 | D:5      | Reached skill level 5 in Axes
  7100 | D:5      | Reached XP level 8. HP: 62/66 MP: 10/10
  7359 | D:5      | Killed Heh's ghost
  7361 | D:5      | Reached skill level 6 in Axes
  7565 | D:6      | Found Extar's Distillery.
  7580 | D:6      | Bought a potion of mutation for 120 gold pieces
  7580 | D:6      | Bought a potion of mutation for 120 gold pieces
  7624 | D:6      | Noticed Maggie
  7640 | D:6      | Killed Maggie
  7641 | D:6      | Reached skill level 1 in Stealth
  7774 | D:6      | Found a staircase to the Ecumenical Temple.
  7800 | D:6      | Noticed a four-headed hydra
  7811 | D:6      | HP: 1/67 [seven-headed hydra (12)]
  8364 | D:6      | Reached XP level 9. HP: 60/72 MP: 11/11
  8774 | D:6      | Gained mutation: You have a pair of small horns on your
                  | head. [potion of mutation]
  8774 | D:6      | Gained mutation: You have sharp toenails. [potion of
                  | mutation]
  8775 | D:6      | Lost mutation: You have a pair of small horns on your head.
                  | [potion of mutation]
  8775 | D:6      | Lost mutation: You have sharp toenails. [potion of
                  | mutation]
  8775 | D:6      | Gained mutation: You are strong-willed. (Will+) [potion of
                  | mutation]
  8898 | D:7      | Reached skill level 7 in Axes
  8952 | D:7      | Paralysed by a hornet for 3 turns
  8964 | D:7      | Paralysed by a hornet for 1 turns
  8973 | D:7      | Slain by a hornet

Illustrated notes

Levels and vault maps discovered:
D:1:      amcnicky_arrival_underground_garden, layout_basic, minmay_tripent
D:2:      layout_loops_cross, hellmonk_ecumenical_altar_leap_of_faith
D:3:      layout_loops_ring, general_overflow_altar,
          lemuel_coloured_pillars_altar, grunt_gozag_breadcrumbs,
          minmay_rat_hole
D:4:      layout_loops_ring, nicolae_tso_carved_into_rock, tgw_sif,
          mainiacjoe_overflow_large_starburst, serial_forest,
          infiniplex_forest_clump_medium, infiniplex_forest_lined_1,
          infiniplex_forest_zigzag_1, infiniplex_forest_straight_2,
          infiniplex_forest_lined_room_2, infiniplex_forest_end_double,
          infiniplex_forest_zigzag_1, infiniplex_forest_clump_cross,
          gup_ossuary_entry_pyramid, portal_sewer_entry_e, uniq_eustachio,
          uniq_duvessa
D:5:      layout_basic, overflow_temple_1_default,
          nicolae_dithmenos_the_darkroom, serial_rivers,
          chequers_serial_rivers_micro_a, chequers_serial_rivers_micro_e,
          chequers_serial_rivers_small_a, chequers_serial_rivers_micro_e,
          chequers_serial_rivers_marsh, gammafunk_ghost_split
D:6:      layout_loops_corners, zin_treasury, lightli_temple_of_fire,
          minmay_temple_entry_trees, serial_shops, nicolae_shop_statue_plus,
          amcnicky_mini_corridor_feature, uniq_maggie
D:7:      layout_basic

Skill      XL: |  1  2  3  4  5  6  7  8  9 |
---------------+----------------------------+-----
Long Blades    | 2 3 |  3.5
Shields        | 3 4 |  4.2
Armour         | 3 4 5 6 |  6.3
Fighting       | 3 4 |  4.5
Dodging        | 1 2 3 |  3.2
Axes           | 2 3 5 6 7 |  7.0
Stealth        | 1 |  1.1

Action                   |  1- 3 |  4- 6 |  7- 9 || total
-------------------------+-------+-------+-------++-------
Melee: Long sword        |   141 |    28 |       ||   169
       Hand axe          |       |   210 |   207 ||   417
  Use: Potion            |       |    11 |    11 ||    22
       Scroll            |       |     8 |     8 ||    16
 Stab: Invisible         |       |     1 |       ||     1
Armor: Scale mail        |    53 |    83 |    52 ||   188
       Swamp dragon scal |       |       |    39 ||    39
       Plate armour      |       |       |    12 ||    12
Dodge: Dodged            |    69 |    77 |   107 ||   253
Block: Buckler           |    28 |    27 |    49 ||   104

Table legend: (Time is in decaauts)
 A = Elapsed time spent in this place.
 B = Non-inter-level travel time spent in this place.
 C = Inter-level travel time spent in this place.
 D = Time resting spent in this place.
 E = Time spent auto-exploring this place.
 F = Levels seen in this place.
 G = Mean time per level.
                   A        B        C        D        E       F      G
               +--------+--------+--------+--------+--------+-----+--------+
         Total |   9123 |   8863 |    260 |    212 |   7011 |   8 | 1140.4 |
       Dungeon |   8711 |   8451 |    260 |    180 |   6744 |   7 | 1244.4 |
       Ossuary |    411 |    411 |      0 |     32 |    267 |   1 |  411.0 |
               +--------+--------+--------+--------+--------+-----+--------+

Top non-repeatable levels by time:
     D:4: 2377 daAuts
     D:3: 1666 daAuts
     D:6: 1318 daAuts
     D:5: 1177 daAuts
     D:1: 1143 daAuts
     D:2: 941 daAuts
 Ossuary: 411 daAuts
     D:7: 86 daAuts
